Unix NetHack Version 5.0.0-0 post-release - last build May 31 2026 23:59:36 (970b52f25bf058293b47ddfd14a1e40e571c508c,branch:main).

Game began 2026-06-09 05:18:43, ended 2026-06-09 05:52:33.

Brudee, chaotic female human Rogue

                             ---------------
                             |.............|
                             |.............|
 ----------------           #.............||
 |+..%.*.%%)(.[.|           #----|----------     -----
 |....[.+%%!..].-#          #    #####           |...|
 |%(+[%))%..%.@.|##       ###        #           ....|
 |.%.*..*[*%.@..| #       #          ###         |...|
 ---------------- #  -----#            #        #...<|
                  ###|....#            ####     #-----
                    #-...|                #     #
                     |...|                #     #
                     |...|                ###   #
                     |...|                  #  ##
                     -----     -------------|--#
                               |............>..#
                               |..........{...|
                               ----------------

Brudee the Cutpurse     St:14 Dx:18 Co:13 In:9 Wi:14 Ch:9  Chaotic S:4209
Dlvl:3  $:0  HP:0(30) Pw:21(21) AC:4  Xp:4/83 T:1814  Burdened

Latest messages:
 You put a blessed clear potion into the bag.
 You put a clear potion (unpaid, 7 zorkmids) into the bag.
 You put a blessed cloudy potion into the bag.
 You put an uncursed dark green potion into the bag.
 You put a blessed effervescent potion into the bag.
 You put an uncursed effervescent potion into the bag.
 You put an effervescent potion (unpaid, 27 zorkmids) into the bag.
 You put an uncursed emerald potion into the bag.
 You put an uncursed murky potion into the bag.
 You put an uncursed purple-red potion into the bag.
 You put an uncursed ruby potion into the bag.
 You put a white potion (unpaid, 356 zorkmids) into the bag.
 Your movements are only slowed slightly by your load.
 What do you want to use or apply? [dikrC-EHJLT or ?*] i
 You see here an effervescent potion (for sale, 27 zorkmids).
 You see here a food ration (for sale, 60 zorkmids).
 You see here a banana (for sale, 12 zorkmids).
 What do you want to zap? [drC-EHJL or ?*] ?
 Nothing happens.
 What do you want to zap? [drC-EHJL or ?*] ?
 In what direction? u
 Bordeyri gets angry!
 Bordeyri zaps an iridium wand!
 The wand misses you.
 What do you want to zap? [drC-EHJL or ?*] C
 Nothing happens.
 Bordeyri zaps an iridium wand!
 The wand hits you!
 What do you want to zap? [drC-EHJL or ?*] D
 In what direction? u
 Bordeyri zaps a wand of striking!
 The wand misses you.
 Bordeyri zaps a wand of striking!
 The wand misses you.
 Bordeyri zaps a wand of striking!
 The wand misses you.
 What do you want to zap? [drC-EHJL or ?*] D
 In what direction? u
 Bordeyri zaps a wand of striking!
 The wand hits you!
 What do you want to zap? [drC-EHJL or ?*] H
 "Usage fee, 66 zorkmids."
 In what direction? u
 Bordeyri seems to be moving slower.
 Bordeyri zaps a wand of striking!
 The wand hits you!
 You die...
 Bordeyri takes all your possessions.
 Do you want to see what you had when you died? [ynq] (y) y
 Do you want to see your attributes? [ynq] (y) q

Inventory:
 Weapons  (')')
  F - 15 +0 daggers
  x - the +0 Sting
  a - a +0 short sword
 Armor    ('[')
  y - an uncursed +1 elven mithril-coat (being worn)
 Comestibles  ('%')
  I - 2 uncursed food rations
 Rings    ('=')
  N - a blessed +3 ring of adornment
  X - an uncursed ring of fire resistance
  M - an uncursed ring of free action
  B - an uncursed ring of invisibility
 Wands    ('/')
  L - a wand of create monster (0:12)
  J - a wand of nothing (0:15)
  D - a wand of polymorph (0:5)
  C - a wand of polymorph (0:0)
  H - a wand of slow monster (0:3)
  E - a wand of striking (0:8)
  r - a wand of striking (0:7)
  d - a wand of striking (0:5)
 Tools    ('(')
  i - an uncursed bag of holding containing 43 items
  T - a magic marker (0:95)
  k - a magic marker (0:86)
 Gems/Stones  ('*')
  O - an uncursed worthless piece of black glass

Contents of the bag of holding:
  3111 gold pieces
  an uncursed scroll of amnesia
  an uncursed scroll of charging
  an uncursed scroll of confuse monster
  an uncursed scroll of confuse monster
  a cursed scroll of enchant armor
  an uncursed scroll of fire
  a cursed scroll of genocide
  an uncursed scroll of gold detection
  an uncursed scroll of gold detection
  an uncursed scroll of magic mapping
  an uncursed scroll of magic mapping
  a cursed scroll of magic mapping
  an uncursed scroll of scare monster
  an uncursed spellbook of cure blindness
  an uncursed spellbook of cure sickness
  an uncursed spellbook of knock
  a cursed spellbook of levitation
  a cursed spellbook of protection
  an uncursed spellbook of turn undead
  a blessed potion of blindness
  an uncursed potion of fruit juice
  an uncursed potion of gain level
  a blessed potion of healing
  an uncursed potion of healing
  an uncursed potion of healing
  a cursed potion of invisibility
  an uncursed potion of paralysis
  an uncursed potion of see invisible
  an uncursed potion of sickness
  an uncursed potion of sleeping
  an uncursed potion of speed
  a potion of holy water
  an uncursed potion of water
  an empty uncursed sack
  an uncursed blindfold
  a can of grease (0:15)
  an expensive camera (0:97)
  an uncursed leash
  a +0 pick-axe
  an uncursed stethoscope
  an uncursed tin opener
  a tinning kit (0:77)

Brudee the Rogue's attributes:

Background:
 You were a Cutpurse, a level 4 female human Rogue.
 You were chaotic, on a mission for Kos
 who was opposed by Issek (lawful) and Mog (neutral).
 You were right-handed.
 You were in the Dungeons of Doom, on level 3.
 You entered the dungeon 1814 turns ago.
 It was nighttime.
 You had 83 experience points, 77 more were needed to attain level 5.
 Your score was 4209 before end-of-game adjustments.

Basics:
 You had 0 out of 30 hit points.
 You had all 21 energy points (spell power).
 Your armor class was 4.
 Your wallet was empty, but
 you had 3111 zorkmids stashed away in your pack.
 Autopickup was on, but temporarily disabled while inside the shop.

Final Characteristics:
 Your strength was 14 (limit:18/100).
 Your dexterity was 18 (limit:18).
 Your constitution was 13 (limit:18).
 Your intelligence was 9 (limit:18).
 Your wisdom was 14 (limit:18).
 Your charisma was 9 (limit:18).

Final Status:
 You weren't hungry.
 You were burdened; movement was slightly slowed.
 You were bare handed.
 You were unskilled in bare handed combat.

Final Attributes:
 You were devoutly aligned.
 You were stealthy.
 You were guarded.
 You are dead.

Miscellaneous:
 You didn't encounter any bones levels.
 Total elapsed playing time was 33 minutes and 49 seconds.

Major events:
 Turn
    1: Brudee the chaotic female human Rogue entered the dungeon
  988: killed Elan Lapinski, the hardware store proprietor
  993: attained the rank of Cutpurse (level 3)
 1318: chose an elven dagger to be named "Sting"
 1814: killed by a wand

You didn't know any spells.

Skills:
 Fighting Skills
   bare handed combat [Unskilled]
   two weapon combat  [Unskilled]
   riding             [Unskilled]
 Weapon Skills
   dagger             [Basic]
   knife              [Unskilled]
   short sword        [Basic]
   broadsword         [Unskilled]
   long sword         [Unskilled]
   two-handed sword   [Unskilled]
   saber              [Unskilled]
   club               [Unskilled]
   mace               [Unskilled]
   morning star       [Unskilled]
   flail              [Unskilled]
   hammer             [Unskilled]
   polearms           [Unskilled]
   spear              [Unskilled]
   crossbow           [Unskilled]
   dart               [Unskilled]
   shuriken           [Unskilled]
 Spellcasting Skills
   divination spells  [Unskilled]
   escape spells      [Unskilled]
   matter spells      [Unskilled]

Voluntary challenges:
 Character rerolling was not enabled.
 You never genocided any monsters.
 You never changed form.
 You used no wishes.
Achievements:
 You entered a shop.
 You attained the rank of Cutpurse.

 The Dungeons of Doom: levels 1 to 3
    Level 1:
       An altar to Kos, a sink.
    Level 2:
       A tool shop, some fountains, a sink.
    Level 3: <- You were here.
       A general store, a fountain, a grave.
       Final resting place for
          you, killed by a wand.


Vanquished creatures:
  a shopkeeper
  a small mimic
  a giant bat
  a gas spore
  a hobbit
  a large kobold
  a yellow mold
  a gnome zombie
  2 geckos
  3 jackals
  a fox
  9 grid bugs
  3 lichens
  6 newts
32 creatures vanquished.

No species were genocided or became extinct.

Game over:
                       ----------
                      /          \
                     /    REST    \
                    /      IN      \
                   /     PEACE      \
                  /                  \
                  |      Brudee      |
                  |     3111 Au      |
                  | killed by a wand |
                  |                  |
                  |                  |
                  |                  |
                  |       2026       |
                 *|     *  *  *      | *
        _________)/\\_//(\/(/\)/\//\/|_)_______

Goodbye Brudee the Rogue...

You died in The Dungeons of Doom on dungeon level 3 with 3898 points,
and 3111 pieces of gold, after 1814 moves.
You were level 4 with a maximum of 30 hit points when you died.

